 Dungeon Crawl Stone Soup version 0.23-a0-767-gdc19b93d68 (webtiles) character file.

45 KARABOGA the Slasher (level 3, 0/23 HPs)
             Began as a Tengu Berserker on Jan 26, 2019.
             Was a Believer of Trog.
             Succumbed to an adder's poison
             ... on level 2 of the Dungeon.
             The game lasted 00:01:12 (1048 turns).

KARABOGA the Slasher (Tengu Berserker)              Turns: 1048, Time: 00:01:13

Health: 0/23       AC:  2    Str: 16 (17) XL:     3   Next: 64%
Magic:  4/4        EV: 12    Int:  4 (7)  God:    Trog [**....]
Gold:   42         SH:  0    Dex: 11 (14) Spells: 2/2 levels left

rFire    . . .     SeeInvis .   a - +0 falchion
rCold    . . .     Gourm    .   (no shield)
rNeg     . . .     Faith    .   b - +0 animal skin
rPois    .         Spirit   .   (helmet restricted)
rElec    .         Reflect  .   (no cloak)
rCorr    .         Harm     .   (no gloves)
MR       .....                  (boots unavailable)
Stlth    +.........             (no amulet)
HPRegen  0.07/turn              (no ring)
MPRegen  0.09/turn              (no ring)

@: lethally poisoned (0 -> -4)
A: beak, talons 3
a: Berserk, Trog's Hand, Renounce Religion


You were on level 2 of the Dungeon.
You worshipped Trog.
Trog was pleased with you.
You were not hungry.

You visited 1 branch of the dungeon, and saw 2 of its levels.

You collected 42 gold pieces.

Inventory:

Hand Weapons
 a - a +0 falchion (weapon)
Armour
 b - a +0 animal skin (worn)
Jewellery
 l - a +3 ring of strength {unknown}
Scrolls
 d - a scroll of immolation {unknown}
 f - 2 scrolls of amnesia {unknown}
 g - 2 scrolls of identify {unknown}
 h - a scroll of enchant armour {unknown}
 i - 3 scrolls of remove curse {unknown}
 j - a scroll of fog {unknown}
Potions
 e - a potion of degeneration
 k - a potion of brilliance {unknown}
Comestibles
 c - a ration


   Skills:
 - Level 3.0 Fighting
 + Level 5.0 Long Blades
 - Level 2.1 Armour
 - Level 2.1 Dodging


You had 2 spell levels left.
You didn't know any spells.
Your spell library was empty.

Dungeon Overview and Level Annotations

Branches:
Dungeon (2/15)

Altars:


Innate Abilities, Weirdness & Mutations

You have a beak for a mouth.
You have claws for feet.


Message History

Things that are here:
a stone; a bat corpse; a kobold corpse
* * * LOW HITPOINT WARNING * * *
You feel sick.
It was a potion of degeneration.
There was something very wrong with that liquid.
You feel weakened.
You feel dopey.
You feel clumsy.
* * * LOW HITPOINT WARNING * * *
You feel sick.
* * * LOW HITPOINT WARNING * * *
You feel sick.
* * * LOW HITPOINT WARNING * * *
You feel sick.
* * * LOW HITPOINT WARNING * * *
You feel sick.
* * * LOW HITPOINT WARNING * * *
You feel sick.
* * * LOW HITPOINT WARNING * * *
You feel sick.
You die...

#.# #.# #.# #####.#
#.....# #.....########
#...†.+......#.#
#.#######.....#........#
#...!.(@'....('......#
#########.....#<######
#.....#........
#######.####### #.# #.#
#.# #+#


There were no monsters in sight!

Vanquished Creatures
  An adder (D:2)
  A dart slug (D:1)
  A leopard gecko (D:1)
  4 bats
  2 giant cockroaches (D:1)
  7 goblins (D:1)
  3 hobgoblins (D:1)
  2 jackals (D:1)
  2 kobolds
  9 rats
32 creatures vanquished.

Notes
Turn   | Place    | Note
-------+----------+-------------------------------------------
     0 | D:1      | KARABOGA the Tengu Berserker began the quest for the Orb.
     0 | D:1      | Reached XP level 1. HP: 14/14 MP: 2/2
    81 | D:1      | Reached XP level 2. HP: 11/19 MP: 3/3
   230 | D:1      | Reached skill level 4 in Long Blades
   611 | D:1      | Reached XP level 3. HP: 19/23 MP: 4/4
   965 | D:1      | Reached ** piety under Trog
  1031 | D:2      | Reached skill level 5 in Long Blades
  1042 | D:2      | HP: 1/23 [poisoned by an adder]
  1048 | D:2      | Succumbed to an adder's poison

Vault maps used:
D:1:      dpeg_arrival_ratfight
D:2:      grunt_temple_overflow_open, nicolae_overflow_crystal_walls,
          kennysheep_generic_room_5

Skill      XL: |  1  2  3 |
---------------+----------+-----
Long Blades    | 4 5 |  5.0
Fighting       | |  3.0
Armour         | |  2.1
Dodging        | |  2.1

Action                   || total
-------------------------++-------
Melee: Falchion          ||    56
       Kick              ||    16
       Peck              ||     9
  Use: Potion            ||     1
 Stab: Sleeping          ||     2
Armor: Animal skin       ||    11
Dodge: Dodged            ||    37
       Rpst.: Falchion   ||    12

Table legend:
 A = Non-vault XP
 B = Vault XP
 C = Vault XP percentage of total XP
 D = Non-vault monster count
 E = Vault monster count
 F = Vault count percentage of total count
                 A         B        C        D         E       F
            +---------+---------+-------+---------+---------+-------
      Total |      60 |       5 |   7.7 |      27 |       5 |  15.6
            +---------+---------+-------+---------+---------+-------
        D:1 |      43 |       5 |  10.4 |      23 |       5 |  17.9
        D:2 |      17 |       0 |   0.0 |       4 |       0 |   0.0
            +---------+---------+-------+---------+---------+-------
